AoeStats
← ferandres99

Arena

509467101Analyzed
4v4 RM · 4d ago on Sep 26, 2026· 43m 34s· 8 players
Game mode
Random Map
Map size
Large (8 player)
Population
200
Speed
Normal
Resources
Standard
Victory
Conquest
Starting age
Dark Age
Ending age
Imperial Age
RankedLock teamsTeams togetherTeam positionsShared explorationLock speedFull tech treeHidden civsTurbo modeCheats
Victory
Defeat
🇦🇹 Danes · Austria
854
+15
🇨🇷 Chinese · Costa Rica
843
+15
🇮🇳 Bohemians · India
840
+15
🇸🇪 Malay · Sweden
820
+16
🇧🇷 Spanish · Brazil
867
-17
🇺🇸 Turks · United States
849
-16
🇺🇸 Varangians · United States
784
-14
🇦🇷 Mongols · Argentina
783
-14
ricksanchez
0:41 Loom
13:14 Feudal Age
14:46 Wheelbarrow
17:43 Castle Age
15:58 Stone Mining
16:41 Double-Bit Axe
21:23 Horse Collar
22:03 Bow Saw
24:59 Heavy Plow
25:00 Gold Mining
26:22 Husbandry
26:30 Fletching
26:51 Forging
27:19 Gold Shaft Mining
27:41 Bodkin Arrow
29:47 Murder Holes
30:13 Ballistics
34:47 Imperial Age
33:14 Scale Barding Armor
33:48 Hand Cart
34:34 Conscription
34:24 Town Watch
35:17 Iron Casting
35:16 Bracer
35:54 Stone Shaft Mining
36:08 Town Patrol
36:59 Crop Rotation
38:58 Elite Battle Elephant
42:39 Blast Furnace
42:41 Chemistry
43:19 Caravan
darockstar686
10:35 Feudal Age
15:33 Castle Age
20:49 Fervor
22:08 Horse Collar
22:29 Double-Bit Axe
24:10 Fletching
27:21 Bodkin Arrow
29:06 Chemistry
29:29 Wheelbarrow
29:44 Murder Holes
29:51 Heavy Plow
30:10 Bow Saw
31:42 Hand Cart
31:39 Loom
31:40 Town Watch
31:53 Pikeman
32:34 Squires
32:20 Arson
32:04 Elite Skirmisher
33:38 Wagenburg Tactics
37:00 Imperial Age
35:05 Town Patrol
36:23 Scale Mail Armor
36:24 Padded Archer Armor
36:34 Forging
36:37 Masonry
36:39 Fortified Wall
36:49 Ballistics
38:00 Leather Archer Armor
37:46 Bracer
38:02 Chain Mail Armor
38:18 Architecture
37:36 Arrowslits
37:59 Siege Engineers
40:58 Ring Archer Armor
41:04 Iron Casting
41:39 Elite Hussite Wagon
43:37 Plate Mail Armor
rauni11
5:40 Loom
10:34 Feudal Age
15:14 Castle Age
13:12 Double-Bit Axe
14:50 Man-at-Arms
21:07 Arson
25:29 Elite Skirmisher
26:37 Padded Archer Armor
28:28 Horse Collar
30:13 Bow Saw
35:10 Imperial Age
32:51 Heavy Plow
33:56 Ballistics
33:54 Gold Mining
33:54 Stone Mining
35:12 Capped Ram
35:25 Onager
36:53 Gold Shaft Mining
36:53 Stone Shaft Mining
38:56 Chemistry
38:19 Elite Varangian Guard
39:24 Masonry
40:33 Siege Ram
43:57 Conscription
43:04 Siege Onager
OnlyxOne
0:33 Loom
11:19 Feudal Age
12:04 Horse Collar
12:12 Double-Bit Axe
19:10 Gold Mining
23:59 Castle Age
22:00 Stone Mining
25:31 Wheelbarrow
25:38 Fletching
27:36 Thumb Ring
28:12 Bodkin Arrow
28:56 Padded Archer Armor
31:26 Ballistics
32:27 Town Watch
32:58 Hand Cart
33:13 Masonry
33:59 Scale Barding Armor
34:05 Forging
33:40 Elite Skirmisher
35:13 Husbandry
37:21 Bloodlines
40:40 Imperial Age
38:45 Leather Archer Armor
43:08 Chemistry
42:35 Conscription
42:29 Bow Saw
42:58 Gold Shaft Mining
42:01 Capped Ram
42:56 Siege Ram
ColeEcoBOOM
4:17 Loom
13:11 Feudal Age
15:22 Feudal Age
16:27 Double-Bit Axe
16:25 Horse Collar
17:12 Stone Mining
18:47 Wheelbarrow
19:39 Wheelbarrow
18:50 Town Watch
20:54 Fletching
23:55 Castle Age
23:28 Scale Mail Armor
24:12 Forging
24:09 Gold Mining
25:09 Heavy Plow
25:21 Bow Saw
25:50 Stone Shaft Mining
27:41 Bodkin Arrow
28:22 Iron Casting
28:03 Chain Mail Armor
27:53 Scale Barding Armor
27:56 Padded Archer Armor
29:26 Hand Cart
33:00 Imperial Age
33:25 Town Patrol
38:03 Blast Furnace
37:35 Plate Mail Armor
38:56 Two-Man Saw
38:58 Crop Rotation
38:45 Bracer
38:59 Squires
38:45 Arson
39:29 Elite Varangian Guard
41:07 Conscription
41:05 Guilds
ferandres99
7:33 Loom
9:43 Feudal Age
12:48 Double-Bit Axe
16:16 Castle Age
24:14 Fletching
24:12 Town Watch
25:04 Wheelbarrow
25:11 Horse Collar
31:51 Imperial Age
29:48 Bow Saw
29:51 Heavy Plow
30:47 Murder Holes
31:50 Bodkin Arrow
32:58 Conscription
32:52 Fortified Wall
33:40 Bracer
35:44 Hand Cart
35:32 Town Patrol
41:13 Ballistics
Mclovin
1:19 Loom
12:21 Feudal Age
16:04 Castle Age
14:12 Double-Bit Axe
14:45 Stone Mining
16:06 Horse Collar
17:43 Wheelbarrow
27:24 Fletching
29:55 Padded Archer Armor
34:46 Imperial Age
32:47 Masonry
36:34 Chemistry
36:35 Hand Cart
36:44 Leather Archer Armor
36:33 Bodkin Arrow
39:43 Bloodlines
tasiopicollo
6:16 Loom
8:34 Feudal Age
9:15 Double-Bit Axe
9:14 Horse Collar
20:28 Castle Age
21:01 Wheelbarrow
20:42 Bloodlines
23:47 Bow Saw
23:46 Husbandry
26:28 Fletching
26:45 Thumb Ring
27:57 Ballistics
27:55 Bodkin Arrow
34:08 Hand Cart
36:53 Murder Holes
Connection lost

Rejoining the realm…

Still unreachable

The connection could not be restored.

Session expired

The server has moved on; the page needs a fresh start.